 Dungeon Crawl Stone Soup version 0.30-a0-1082-g70414cbcbb (webtiles) character file.

Game seed: 14654538523304397008

524 Newt the Cudgeller (level 7, -2/43 HPs)
             Began as a Gargoyle Gladiator on Apr 16, 2023.
             Was an Initiate of Hepliaklqana.
             Slain by a gnoll
             ... wielding a +0 flail
             ... led by a gnoll bouda
              (9 damage)
             ... on level 5 of the Dungeon.
             The game lasted 00:05:11 (3159 turns).

Newt the Cudgeller (Gargoyle Gladiator)             Turns: 3159, Time: 00:05:12

Health: -2/43      AC: 10    Str: 20    XL:     7   Next: 22%
Magic:  7/7        EV: 12    Int:  8    God:    Hepliaklqana [......]
Gold:   231        SH:  0    Dex: 11    Spells: 6/6 levels left

rFire   . . .      SeeInvis .    a - +1 flail (freeze)
rCold   + . .      Faith    .    (no shield)
rNeg    + . .      Spirit   .    b - +0 leather armour
rPois   ∞          Reflect  .    c - +1 helmet
rElec   +          Rampage  .    (no cloak)
rCorr   .                        (no gloves)
Will    .....                    (no boots)
Stlth   +                        (no amulet)
HPRegen 0.27/turn                l - ring of protection from cold
MPRegen 0.10/turn                (no ring)

@: no status effects
A: sickness immunity, AC +4, negative energy resistance 1, electricity
resistance, torment resistance 1, petrification resistance
a: Renounce Religion


You were on level 5 of the Dungeon.
You worshipped Hepliaklqana.
Hepliaklqana was noncommittal.
You visited 1 branch of the dungeon, and saw 5 of its levels.
You also visited: Sewer.

You collected 231 gold pieces.

Inventory:

Hand Weapons
 a - a +1 flail of freezing (weapon)
Missiles
 d - 2 throwing nets (quivered)
 e - a javelin
 h - 4 poisoned darts
Armour
 b - a +0 leather armour (worn)
 c - a +1 helmet (worn)
Jewellery
 l - a ring of protection from cold (left hand)
Wands
 o - a wand of paralysis (5)
Scrolls
 i - a scroll of enchant weapon
 p - a scroll of enchant armour
 q - a scroll of teleportation
 s - a scroll of amnesia {unknown}
Potions
 f - a potion of curing
 g - a potion of cancellation
 j - a potion of invisibility
 k - 2 potions of brilliance
 m - a potion of degeneration
 n - 2 potions of resistance
 r - 2 potions of lignification


   Skills:
 - Level 4.0 Fighting
 - Level 6.0 Maces & Flails
 - Level 1.7 Throwing
 + Level 4.5 Armour
 - Level 2.4 Dodging


You had 6 spell levels left.
You didn't know any spells.
Your spell library contained the following spells:

 Spells                   Type           Power      Damage    Failure   Level
 Apportation              Tloc           0%         N/A       45%         1
 Blink                    Tloc           0%         N/A       58%         2
 Inner Flame              Hex/Fire       0%         N/A       83%         3
 Flame Wave               Conj/Fire      0%         2d4       99%         4
 Manifold Assault         Tloc           0%         N/A       99%         4
 Sticky Flame             Conj/Fire      0%         2d3       99%         4
 Alistair's Intoxication  Tmut/Pois      0%         N/A       100%        5
 Storm Form               Tmut/Air       0%         N/A       100%        7


Dungeon Overview and Level Annotations

Branches:
Dungeon (5/15)             Temple (0/1) D:5           Sewer (visited)

Altars:
Cheibriados
Hepliaklqana
Qazlal
Sif Muna
Wu Jian


Innate Abilities, Weirdness & Mutations

You are immune to sickness and miasma.
Your stone body is resilient. (AC +4)
You are immune to poison.
You resist negative energy. (rN+)
You are resistant to electric shocks. (rElec)
You are resistant to unholy torment.
You are immune to petrification.


Message History

You kill the gnoll bouda!
The gnoll hits you but does no damage.
Unknown command.
You hit the gnoll. You freeze the gnoll.
The gnoll is moderately wounded.
The gnoll closely misses you.
You hit the gnoll. You freeze the gnoll.
The gnoll is almost dead.
The gnoll closely misses you.
You hit the gnoll. You freeze the gnoll.
You kill the gnoll!
Your attacks no longer feel as feeble.
A gnoll comes into view. It is wielding a +0 flail.
You see here a +0 whip.
A gnoll is nearby!
A gnoll is nearby!
A gnoll comes into view. It is wielding a +0 halberd.
The gnoll shouts!
You hear an angry hiss.
The gnoll hits you but does no damage. The gnoll barely misses you.
The gnoll hits you with a +0 halberd.
You hit the gnoll but do no damage. The gnoll hits you but does no damage.
The gnoll closely misses you.
You sock the gnoll! You freeze the gnoll.
You kill the gnoll!
The gnoll hits you with a +0 flail.
An iguana comes into view.
You see here a +0 halberd.
You barely miss the gnoll.
The iguana hisses angrily.
The gnoll barely misses you.
You closely miss the gnoll. The gnoll hits you with a +0 flail.
* * * LOW HITPOINT WARNING * * *
The iguana bites you.
* * * LOW HITPOINT WARNING * * *
You hit the gnoll but do no damage. The gnoll closely misses you.
The iguana bites you but does no damage.
You hit the gnoll. You freeze the gnoll.
The gnoll is moderately wounded.
The gnoll hits you with a +0 flail!
You die...

## .. #. #.
######.###
#........##
#.......l.#
#..!...@#
#......g#
#.b.....###
#.........#
#.......#.#
###..))<#.#
#....)# #
#.....+
#.....#


You could see an iguana and a gnoll.

Vanquished Creatures
  Pargi (Sewer)
  2 scorpions
  A hound (D:4)
  A sleepcap (D:4)
  A gnoll bouda (D:5)
  An orc wizard (D:3)
  7 gnolls (D:5)
  5 adders
  A river rat (D:3)
  6 worms
  4 orcs (D:3)
  6 bats
  3 endoplasms
  4 giant cockroaches
  6 goblins
  5 hobgoblins
  6 jackals
  5 kobolds
  2 quokkas (D:3)
  4 ball pythons
  5 frilled lizards
  9 rats
85 creatures vanquished.

Vanquished Creatures (others)
  21 plants (D:5)
21 creatures vanquished.

Grand Total: 106 creatures vanquished

Notes
Turn   | Place    | Note
-------+----------+-------------------------------------------
     0 | D:1      | Newt the Gargoyle Gladiator began the quest for the Orb.
     0 | D:1      | Reached XP level 1. HP: 12/12 MP: 1/1
    75 | D:1      | Reached XP level 2. HP: 18/18 MP: 2/2
   719 | D:2      | Reached XP level 3. HP: 17/24 MP: 3/3
  1633 | D:3      | Reached XP level 4. HP: 29/29 MP: 4/4
  1756 | D:3      | Reached skill level 4 in Maces & Flails
  1925 | D:3      | Found a hazy altar of Hepliaklqana.
  1925 | D:3      | Found a faded altar of an unknown god.
  2023 | D:3      | Reached XP level 5. HP: 4/33 MP: 5/5
  2082 | D:3      | Found a glowing drain.
  2090 | Sewer    | Entered a sewer
  2200 | Sewer    | Noticed Pargi
  2217 | Sewer    | Killed Pargi
  2218 | Sewer    | Reached skill level 5 in Maces & Flails
  2218 | Sewer    | Reached XP level 6. HP: 21/38 MP: 6/6
  2491 | D:3      | Found an ornate altar of the Wu Jian Council.
  2493 | D:3      | Found a faded altar of an unknown god.
  2495 | D:3      | Found a stormy altar of Qazlal.
  2509 | D:3      | Became a worshipper of Hepliaklqana the Forgotten
  2736 | D:4      | Reached skill level 6 in Maces & Flails
  2742 | D:4      | Reached skill level 1 in Armour
  2835 | D:4      | Found a shimmering blue altar of Sif Muna.
  2854 | D:4      | Found a snail-covered altar of Cheibriados.
  2970 | D:4      | You fall into a shaft and drop 1 floor!
  2970 | D:5      | Entered Level 5 of the Dungeon
  3034 | D:5      | Found a staircase to the Ecumenical Temple.
  3047 | D:5      | Reached XP level 7. HP: 41/43 MP: 7/7
  3159 | D:5      | Slain by a gnoll

Illustrated notes

Levels and vault maps discovered:
D:1:      elethiomel_arrival_quiet, layout_basic, st_stairs_7, minmay_ruptured
D:2:      layout_loops_cross, serial_co_window_serial, co_window_corner_a,
          co_window_paths_a, co_window_paths_a, co_window_paths_b,
          co_window_corner_a, co_window_corner_b, co_window_cross_4,
          co_window_broadway_c, co_window_broadway_c,
          co_window_of_opportunity_b, co_window_2corner, co_window_cross_4
D:3:      layout_loops_ring, chequers_temple_overflow_minitemple,
          gup_sewer_entry_bubbles
D:4:      layout_rooms, mainiacjoe_overflow_catch_the_wave, lemuel_crystal_altar
D:5:      layout_basic, nemelex_dance_club_becter,
          minmay_temple_entry_butterflies, nicolae_grassy_gnolls, uniq_edmund,
          uniq_duvessa, uniq_prince_ribbit1

Skill      XL: |  1  2  3  4  5  6  7 |
---------------+----------------------+-----
Fighting       | 3 4 |  4.0
Maces & Flails | 4 5 6 |  6.0
Armour         | 3 4 |  4.5
Throwing       | |  1.7
Dodging        | |  2.4

Action                     |  1- 3 |  4- 6 |  7- 9 || total
---------------------------+-------+-------+-------++-------
  Melee: Flail             |    98 |   139 |    35 ||   272
         Punch             |     1 |     1 |     3 ||     5
  Throw: Dart              |       |     3 |       ||     3
         Throwing net      |       |       |     1 ||     1
  Evoke: Wand              |       |     1 |       ||     1
    Use: Scroll            |     4 |     8 |       ||    12
         Potion            |       |     5 |       ||     5
   Stab: Paralysed         |       |     1 |       ||     1
 Armour: Leather armour    |    39 |    69 |    17 ||   125
  Dodge: Dodged            |    53 |   103 |    16 ||   172

Table legend: (Time is in decaauts)
 A = Elapsed time spent in this place.
 B = Non-inter-level travel time spent in this place.
 C = Inter-level travel time spent in this place.
 D = Time resting spent in this place.
 E = Time spent auto-exploring this place.
 F = Levels seen in this place.
 G = Mean time per level.
                   A        B        C        D        E       F      G
               +--------+--------+--------+--------+--------+-----+--------+
         Total |   3247 |   3146 |    101 |     20 |   2194 |   6 |  541.2 |
       Dungeon |   3013 |   2912 |    101 |     20 |   2035 |   5 |  602.6 |
         Sewer |    234 |    234 |      0 |      0 |    158 |   1 |  234.0 |
               +--------+--------+--------+--------+--------+-----+--------+

Top non-repeatable levels by time:
     D:2: 1100 daAuts
     D:3: 940 daAuts
     D:1: 534 daAuts
     D:4: 245 daAuts
   Sewer: 234 daAuts
     D:5: 193 daAuts
